 Dungeon Crawl Stone Soup version 0.28.0-53-g5a82cb258f (webtiles) character file.

Game seed: 2722814269355192781

28 gobodom the Magician (level 2, -2/19 HPs)
             Began as a Demonspawn Hedge Wizard on June 9, 2022.
             Slain by Sigmund
             ... wielding a +0 scythe
              (11 damage)
             ... on level 2 of the Dungeon.
             The game lasted 00:09:18 (2020 turns).

gobodom the Magician (Demonspawn Hedge Wizard)      Turns: 2020, Time: 00:09:19

Health: -2/19      AC:  6    Str: 10    XL:     2   Next: 96%
Magic:  0/6        EV: 12    Int: 15    God:
Gold:   61         SH:  0    Dex: 12    Spells: 7/8 levels left

rFire   . . .      SeeInvis .   a - +0 dagger
rCold   . . .      Faith    .   (no shield)
rNeg    . . .      Spirit   .   b - +0 robe
rPois   .          Reflect  .   c - +0 hat
rElec   .          Harm     .   (no cloak)
rCorr   .          Rampage  .   (no gloves)
Will    .....                   (no boots)
Stlth   ++........              (no amulet)
HPRegen 0.06/turn               h - +4 ring of protection
MPRegen 0.10/turn               (no ring)

@: no status effects
A: powered by pain 1
a: no special abilities


You were on level 2 of the Dungeon.
You visited 1 branch of the dungeon, and saw 2 of its levels.

You collected 61 gold pieces.

Inventory:

Hand Weapons
 a - a +0 dagger (weapon)
Armour
 b - a +0 robe (worn)
 c - a +0 hat (worn)
 j - the +0 robe "Qopapt" {rPois rF- Dex+4}
   (You found it on level 2 of the Dungeon)

   Dex:       It affects your dexterity (+4).
   rF:        It makes you vulnerable to fire.
   rPois:     It protects you from poison.
 k - a +0 pair of boots
Jewellery
 h - a +4 ring of protection (left hand)
Scrolls
 f - a scroll of amnesia {unknown}
 i - a scroll of identify {unknown}
Potions
 d - a potion of ambrosia {unknown}
 e - a potion of heal wounds
 g - a potion of degeneration {unknown}


   Skills:
 + Level 2.0 Dodging
 + Level 1.8 Stealth
 + Level 3.7 Spellcasting
 + Level 1.2 Conjurations
 + Level 1.0 Summonings
 + Level 0.8 Translocations


You had 7 spell levels left.
You knew the following spells:

 Your Spells              Type           Power      Damage    Failure   Level
a - Magic Dart            Conj           24%        1d4       11%         1

Your spell library contained the following spells:

 Spells                   Type           Power      Damage    Failure   Level
 Slow                     Hex            8%         N/A       19%         1
 Call Imp                 Summ           5%         N/A       19%         2
 Blink                    Tloc           10%        N/A       21%         2
 Conjure Flame            Conj/Fire      4%         6-21      41%         3
 Mephitic Cloud           Conj/Pois/Air  4%         N/A       43%         3


Dungeon Overview and Level Annotations

Branches:
Dungeon (2/15)

Altars:

Annotations:
D:2 Natasha, Sigmund


Innate Abilities, Weirdness & Mutations

You sometimes gain a little power by taking damage.


Message History

Sigmund casts a spell at you. The magic dart hits you.
You barely miss Sigmund.
Sigmund is severely wounded.
Sigmund drinks a potion.
Sigmund is healed!
You hit Sigmund.
Sigmund is heavily wounded.
Sigmund barely misses you.
You closely miss Sigmund.
Sigmund is heavily wounded.
You hit Sigmund.
Sigmund is heavily wounded.
Sigmund hits you but does no damage.
You barely miss Sigmund.
Sigmund is heavily wounded.
Sigmund hits you but does no damage.
You barely miss Sigmund.
Sigmund is heavily wounded.
You hit Sigmund.
Sigmund is heavily wounded.
Sigmund gestures wildly while chanting.
Sigmund flickers and vanishes!
Deactivating autopickup; reactivate with Ctrl-A.
You hit something. Something hits you.
You miss something. Something barely misses you.
You closely miss something.
Casting: Magic Dart (safe; 11% risk of failure)
Confirm with . or Enter, or press ? or * to list all spells.
You can't see any susceptible monsters within range! (Use Z to cast anyway.)
Casting: Magic Dart (safe; 11% risk of failure)
Confirm with . or Enter, or press ? or * to list all spells.
You can't see any susceptible monsters within range! (Use Z to cast anyway.)
Casting: Magic Dart (safe; 11% risk of failure)
Confirm with . or Enter, or press ? or * to list all spells.
Aiming: Magic Dart (safe; 11% risk of failure)
Press: ? - help, Shift-Dir - straight line The magic dart hits something but does no damage.
Something hits you!
Ouch! That really hurt!
You die...

#### .... ♣ #..# # ♣.
#..###.# #♣..#..... ♣♣♣
♣♣♣.......# ..♣ ♣.. ..#
#..# ♣.♣.♣ ..# #@.##
♣.♣ ♣.###{..## . ♣.♣
♣.##.....#.# .♣ #♣.♣#
#♣.#.......#
.♣♣♣...♣♣♣..##.....#.#
...................##.#
###..##.)###.......# #
###..##..###.).....#
.....##............#


There were no monsters in sight!

Vanquished Creatures
  2 adder zombies (D:2)
  A dart slug (D:1)
  A ball python (D:2)
  A bat (D:2)
  2 endoplasms (D:1)
  2 giant cockroaches (D:2)
  A goblin (D:1)
  2 hobgoblins (D:2)
  2 ball python zombies (D:2)
  A frilled lizard (D:2)
  A giant cockroach zombie (D:2)
  A kobold (D:1)
  A quokka zombie (D:2)
  A rat (D:1)
19 creatures vanquished.

Notes
Turn   | Place    | Note
-------+----------+-------------------------------------------
     0 | D:1      | gobodom the Demonspawn Hedge Wizard began the quest for the
                  | Orb.
     0 | D:1      | Reached XP level 1. HP: 13/13 MP: 4/4
   832 | D:1      | Gained mutation: You sometimes gain a little power by
                  | taking damage. [demonic ancestry]
   832 | D:1      | Reached XP level 2. HP: 13/19 MP: 0/6
  1602 | D:2      | Noticed Natasha
  1605 | D:2      | Identified the +0 robe "Qopapt" {rPois rF- Dex+4}
  1965 | D:2      | Noticed Sigmund
  2020 | D:2      | Slain by Sigmund

Illustrated notes

Levels and vault maps discovered:
D:1:      minmay_arrival_stone_box, layout_basic, minmay_misc_feat_x
D:2:      layout_loops_ring, serial_undead, serial_undead_f, serial_undead_a,
          serial_undead_c, serial_undead_e, serial_undead_a, serial_undead_f,
          minmay_stone_trees_medium, uniq_terence, uniq_sigmund, uniq_natasha

Skill      XL: |  1  2 |
---------------+-------+-----
Dodging        | 2 |  2.0
Stealth        | |  1.8
Spellcasting   | |  3.7
Conjurations   | |  1.2
Summonings     | |  1.0
Translocations | |  0.8

Action                   || total
-------------------------++-------
Melee: Dagger            ||    71
 Cast: Magic Dart        ||    57
  Use: Scroll            ||     1
       Potion            ||     1
 Stab: Sleeping          ||     1
Armor: Robe              ||    21
Dodge: Dodged            ||    36
